Map: Belladona EE

Players

Serral - Winner!

  • Race: Zerg Zerg
  • League: Master
  • Spawn Location: 5:00

Cure

  • Race: Terran Terran
  • League: Master
  • Spawn Location: 11:00

VOD

Have the link to the VOD?

Description

Time

  • Played on: Jan. 14, 2020, 3:36 p.m.
  • Length: 12:05
Show
View Real Time Build Order
Export as new Build Order

Serral Zerg - Winner!

Build Orders: Hatch First 

Get SALT Encoding   

  12  0:00  Drone  
  13  0:12  Overlord  
  13  0:16  Drone  
  14  0:30  Drone x2  
  16  0:47  Hatchery  
  15  0:50  Drone  
  15  0:54  Drone  
  17  0:57  Drone  
  18  1:07  Extractor  
  17  1:13  Spawning Pool  
  17  1:16  Drone  
  17  1:19  Drone  
  18  1:27  Drone  
  19  1:38  Drone  
  20  1:49  Overlord  
  20  1:59  Queen x2  
  20  2:00  Zergling x4  
  26  2:10  Drone  
  26  2:11  Drone  
  26  2:12  Metabolic Boost  
  28  2:21  Drone x2  
  30  2:35  Hatchery  
  29  2:38  Drone  
  30  2:45  Queen  
  30  2:50  Overlord  
  32  2:53  Drone  
  32  2:55  Drone  
  32  2:57  Drone  
  35  3:00  Drone  
  36  3:08  Pneumatized Carapace  
  36  3:09  Drone  
  36  3:11  Drone  
  36  3:12  Drone  
  39  3:14  Drone  
  39  3:18  Overlord  
  40  3:20  Drone  
  40  3:22  Drone  
  42  3:28  Queen  
  42  3:33  Overlord  
  44  3:37  Drone x2  
  44  3:40  Drone x2  
  48  3:44  Drone x2  
  48  3:48  Queen  
  50  3:50  Drone  
  50  3:53  Zergling x2  
  50  3:54  Zergling x2  
  55  3:58  Lair  
  55  4:02  Zergling x2  
  56  4:05  Drone x3  
  59  4:10  Queen  
  59  4:14  Overlord  
  59  4:16  Baneling Nest  
  60  4:19  Zergling x4  
  60  4:21  Drone  
  60  4:24  Drone x2  
  65  4:30  Zergling x2  
  66  4:33  Drone x3  
  66  4:34  Spore Crawler  
  66  4:36  Spore Crawler  
  66  4:37  Zergling x2, Drone  
  66  4:38  Drone  
  70  4:40  Zergling x2  
  70  4:43  Extractor  
  70  4:44  Spore Crawler  
  70  4:45  Drone x3  
  72  4:49  Drone x2  
  74  4:53  Extractor  
  74  4:55  Zergling x2  
  74  4:58  Overlord  
  74  4:59  Overseer  
  74  5:04  Extractor  
  74  5:05  Drone  
  74  5:07  Overlord x2  
  74  5:13  Evolution Chamber x2, Overlord  
  72  5:14  Drone x2  
  72  5:18  Centrifical Hooks  
  72  5:21  Drone x4  
  77  5:23  Drone x2  
  77  5:26  Drone x2  
  82  5:35  Extractor  
  82  5:36  Overseer  
  82  5:40  Drone x2  
  83  5:43  Zerg Melee Weapons Level 1  
  83  5:45  Drone x3  
  83  5:46  Hatchery  
  83  5:49  Drone x2  
  84  5:51  Zerg Ground Armor Level 1  
  84  5:55  Drone x2  
  84  5:56  Drone  
  87  6:00  Overlord  
  87  6:03  Drone x2  
  89  6:07  Baneling x3  
  89  6:11  Overlord  
  89  6:12  Zergling x12  
  89  6:13  Baneling  
  89  6:18  Zergling x6  
  98  6:23  Overlord  
  95  6:30  Zergling x2  
  95  6:31  Zergling x2  
  97  6:32  Baneling  
  97  6:33  Baneling x7  
  97  6:34  Baneling x2  
  97  6:38  Drone x3  
  100  6:40  Hydralisk Den  
  100  6:44  Drone x5  
  100  6:45  Zergling x8  
  100  6:46  Baneling x3  
  108  6:58  Queen  
  110  7:07  Zergling x8  
  111  7:11  Drone x4, Muscular Augments  
  111  7:12  Spore Crawler, Drone x2  
  111  7:13  Overlord  
  116  7:18  Overlord  
  116  7:20  Zergling x16  
  122  7:26  Overlord  
  122  7:33  Zergling x2, Drone x2  
  123  7:38  Zerg Melee Weapons Level 2  
  123  7:48  Drone x2  
  123  7:49  Zerg Ground Armor Level 2  
  123  7:50  Hatchery  
  124  7:51  Hydralisk x7  
  124  7:58  Hydralisk x4  
  138  8:03  Overlord x3  
  146  8:10  Overseer, Overlord x2  
  146  8:12  Baneling x5  
  143  8:20  Overlord  
  143  8:22  Grooved Spines, Hydralisk x3  
  143  8:23  Zergling x12  
  143  8:26  Zergling x2  
  143  8:27  Zergling x6  
  158  8:33  Zergling x2  
  160  8:40  Hydralisk x2, Overlord  
  160  8:41  Zergling x18  
  172  8:45  Baneling x2  
  172  8:46  Baneling x2  
  172  8:47  Baneling x5  
  173  8:54  Zergling x12  
  179  9:02  Zergling x2  
  178  9:07  Baneling x10  
  177  9:10  Queen  
  177  9:14  Zergling x24  
  191  9:21  Zergling x14  
  198  9:26  Zergling x2  
  199  9:33  Baneling x15  
  199  9:40  Hatchery  
  198  9:46  Baneling x7  
  198  9:52  Baneling x3  
  197  10:00  Baneling x2  
  197  10:01  Baneling x3  
  197  10:06  Zergling x20  
  194  10:12  Zergling x6  
  194  10:13  Zergling x34  
  165  10:19  Zergling x6  
  153  10:24  Baneling x2  
  153  10:26  Baneling x7  
  153  10:27  Zergling x4  
  153  10:29  Baneling  
  153  10:30  Baneling x5  
  153  10:34  Zergling x10  
  158  10:36  Baneling x4  
  158  10:40  Zergling x6  
  161  10:45  Hatchery  
  161  10:48  Zergling x4  
  162  10:55  Zergling x32  
  177  11:00  Baneling x12  
  177  11:02  Zergling x6  
  171  11:06  Zergling x2  
  171  11:07  Zergling x10  
  177  11:12  Zergling x2  
  177  11:13  Zergling x2, Overlord  
  177  11:15  Baneling x9  
  178  11:20  Extractor, Drone x3  
  178  11:21  Zergling x16  
  181  11:25  Zergling x6  
  177  11:34  Zergling x18  
  177  11:39  Zergling x8  
  190  11:41  Baneling  
  190  11:42  Baneling x14  
  190  11:44  Zergling x10  
Show
View Real Time Build Order
Export as new Build Order

Cure Terran 

Build Orders: Reaper Expand, Banshee Rush 

Get SALT Encoding   

  12  0:01  SCV  
  13  0:13  SCV  
  14  0:17  Supply Depot  
  14  0:25  SCV  
  15  0:39  SCV  
  15  0:40  Barracks  
  16  0:42  Refinery  
  16  0:51  SCV  
  17  1:03  SCV  
  18  1:15  SCV  
  19  1:27  Orbital Command, Reaper  
  20  1:39  Command Center  
  20  1:46  Supply Depot  
  20  1:53  SCV  
  21  1:59  Marine  
  22  2:05  SCV  
  23  2:10  Factory  
  23  2:17  SCV  
  23  2:19  Refinery  
  23  2:21  Barracks Reactor  
  24  2:29  SCV  
  25  2:41  SCV  
  26  2:51  Orbital Command  
  26  2:53  SCV  
  26  2:54  Starport  
  27  3:06  SCV  
  27  3:08  Barracks Tech Lab  
  27  3:09  Command Center  
  28  3:17  SCV  
  28  3:18  SCV  
  30  3:21  Hellion  
  30  3:24  Hellion  
  34  3:29  SCV  
  34  3:30  SCV  
  36  3:36  Cloaking Field  
  36  3:37  Banshee  
  39  3:41  Supply Depot  
  39  3:43  SCV  
  39  3:45  SCV  
  39  3:47  Marine  
  42  3:55  SCV  
  43  3:57  SCV  
  43  4:02  Hellion  
  46  4:03  Hellion  
  46  4:06  Barracks Tech Lab  
  46  4:07  SCV  
  46  4:09  SCV  
  50  4:19  SCV  
  50  4:20  Banshee  
  50  4:21  SCV  
  50  4:22  Orbital Command  
  55  4:25  Marine  
  55  4:26  Stimpack  
  56  4:31  SCV  
  56  4:33  SCV, Barracks  
  56  4:36  Factory Reactor, Barracks  
  58  4:43  Supply Depot, Refinery  
  58  4:44  Refinery  
  59  4:45  SCV x2, Marine  
  61  4:57  Supply Depot  
  61  4:58  Orbital Command  
  61  4:59  SCV x2  
  63  5:03  Marine  
  63  5:04  Engineering Bay  
  63  5:05  Engineering Bay  
  64  5:14  SCV x2  
  64  5:16  Starport Reactor  
  66  5:21  Marine  
  66  5:24  Barracks  
  66  5:26  Barracks  
  66  5:27  SCV x3  
  70  5:28  Marine x2  
  70  5:33  Terran Infantry Weapons Level 1, Terran Infantry Armor Level 1  
  72  5:36  Marine x2  
  72  5:37  Siege Tank  
  72  5:39  Marine  
  72  5:41  Supply Depot  
  78  5:43  SCV x3  
  78  5:49  Marine x2  
  81  5:53  Medivac x2  
  85  6:00  Supply Depot  
  85  6:03  Marine x3, SCV x3  
  91  6:06  Supply Depot  
  91  6:10  Combat Shield  
  91  6:12  Barracks Reactor x2  
  91  6:16  Marine x2  
  93  6:21  Marine x3, Siege Tank  
  99  6:26  SCV x2  
  99  6:28  SCV  
  99  6:29  Supply Depot  
  99  6:31  Supply Depot  
  102  6:41  Barracks, Armory  
  102  6:42  Barracks  
  102  6:44  Barracks  
  102  6:52  Marine x5  
  102  6:53  Supply Depot  
  107  6:57  Siege Tank  
  107  6:58  Medivac x2  
  107  6:59  SCV x2  
  107  7:00  SCV  
  117  7:02  Supply Depot  
  117  7:13  Marine x7  
  117  7:14  Marine  
  125  7:25  Supply Depot x2  
  125  7:28  Terran Infantry Weapons Level 2, Terran Infantry Armor Level 2  
  125  7:30  Barracks Reactor  
  125  7:34  Barracks Reactor  
  125  7:35  Marine x4  
  125  7:36  Marine x4  
  130  7:39  Barracks Reactor  
  130  7:40  Marine  
  131  7:46  SCV  
  131  7:47  SCV x2  
  131  7:50  Medivac  
  133  7:55  Marine x4  
  133  7:56  Marine x4  
  133  7:57  Supply Depot  
  133  7:58  Marine, Supply Depot  
  141  8:00  Medivac  
  143  8:07  Marine x2  
  143  8:11  Siege Tank  
  148  8:12  Marine x2  
  148  8:13  Marine x2  
  152  8:21  Marine x2  
  152  8:22  Marine x4, Supply Depot  
  152  8:24  Marine x3  
  152  8:25  Marine  
  152  8:27  Marine, Supply Depot  
  162  8:30  Marine x4  
  167  8:39  Marine x4  
  167  8:40  Medivac  
  173  8:43  Marine x2, Siege Tank  
  173  8:45  Medivac, Supply Depot  
  180  8:50  Supply Depot  
  180  8:52  Marine x7  
  180  8:53  Marine  
  188  8:56  Marine  
  188  8:57  Marine  
  188  8:59  Marine x3  
  188  9:01  Marine x2  
  187  9:04  Supply Depot  
  187  9:10  Marine x2  
  187  9:11  Marine x5  
  187  9:16  Siege Tank  
  197  9:25  Marine x3  
  200  9:44  Supply Depot, Refinery  
  200  10:06  Marine  
  200  10:07  Marine x6  
  194  10:10  Siege Tank  
  194  10:13  Marine x8  
  133  10:19  Medivac x2  
  123  10:24  Marine x3  
  123  10:25  Marine x4  
  130  10:30  Marine x4  
  130  10:31  Marine x4  
  138  10:39  Command Center  
  138  10:42  Marine x7  
  139  10:48  Marine x6  
  139  10:49  Marine x2, Siege Tank  
  156  10:59  Marine  
  156  11:00  Marine x6  
  154  11:05  Medivac  
  154  11:06  Marine x8, Medivac  
  166  11:17  Marine  
  166  11:18  Marine x6  
  169  11:24  Marine x2  
  164  11:26  Marine x6  
  164  11:32  Siege Tank  
  172  11:35  Marine  
  172  11:36  Marine x5  
  172  11:38  Marine  
  179  11:42  Marine x2  
  179  11:43  Marine x2  
  179  11:44  Marine  
Tags
 
Add a new tag
Caveats
  • Supply blocks, unpowered buildings, or Contaminate may cause inaccurate times.
  • Supply counts are checked every 10 seconds.